 Dungeon Crawl Stone Soup version 0.20-a0-709-gd40821f (webtiles) character file.

170 OgreWrestling the Skirmisher (level 5, -6/54 HPs)
             Began as an Ogre Transmuter on Feb 20, 2017.
             Mangled by an ogre
             ... wielding a +0 giant club
              (20 damage)
             ... on level 4 of the Dungeon on Feb 21, 2017.
             The game lasted 00:08:48 (3956 turns).

OgreWrestling the Skirmisher (Ogre Transmuter)      Turns: 3956, Time: 00:08:49

Health: -6/54      AC:  2    Str: 20    XL:     5   Next: 51%
Magic:  5/8        EV: 19    Int: 14    God:
Gold:   146        SH:  0    Dex: 15    Spells: 3/9 levels left

rFire    . . .     SeeInvis .     - Unarmed
rCold    . . .     Gourm    .   (armour currently unavailable)
rNeg     . . .     Faith    .   (shield currently unavailable)
rPois    x         Spirit   .   (helmet currently unavailable)
rElec    .         Reflect  .   (cloak currently unavailable)
rCorr    +         Harm     .   (gloves unavailable)
MR       .....                  (boots unavailable)
Stlth    +.........             (no amulet)
Regen    0.2/turn               u - ring of resist corrosion
MPRegen  0.2/turn               i - +6 ring of strength

@: spider-form
A: unfitting armour, (tough skin 0)
a: End Transformation


You were on level 4 of the Dungeon.
You were not hungry.
You were a venomous arachnid creature.
You visited 1 branch of the dungeon, and saw 4 of its levels.

You collected 146 gold pieces.

Inventory:

Missiles
 a - 41 arrows
Armour
 b - a +0 robe (melded)
Jewellery
 i - a +6 ring of strength (left front leg)
 u - a ring of resist corrosion (right front leg)
Scrolls
 e - a scroll of enchant weapon {unknown}
 f - a scroll of teleportation
 k - a scroll of blinking {unknown}
 l - a scroll of fog {unknown}
 p - a scroll of amnesia {unknown}
 q - 2 scrolls of immolation {unknown}
 v - a scroll of remove curse {unknown}
Potions
 j - 2 potions of agility {unknown}
 m - 4 potions of curing {unknown}
 n - a potion of lignification {unknown}
 o - a potion of brilliance {unknown}
 r - a potion of flight {unknown}
 s - a potion of magic {unknown}
Books
 c - a book of Changes

   Spells                             Type                      Level
   a - Beastly Appendage              Transmutation                1
   b - Sticks to Snakes               Transmutation                2
   c - Spider Form                    Transmutation/Poison         3
   d - Ice Form                       Ice/Transmutation            4
   e - Blade Hands                    Transmutation                5
Comestibles
 d - a bread ration
 g - 3 meat rations
 h - 7 fruits
 t - a royal jelly
 w - 6 chunks of flesh


   Skills:
 + Level 4.2 Fighting
 + Level 2.1 Dodging
 * Level 3.5 Unarmed Combat
 - Level 2.5 Spellcasting
 - Level 2.0 Transmutations
 - Level 2.0 Poison Magic


You had 3 spell levels left.
You knew the following spells:

 Your Spells              Type           Power        Failure   Level  Hunger
a - Beastly Appendage     Tmut           #.....       28%         1    #......
b - Sticks to Snakes      Tmut           #.......     36%         2    ###....
c - Spider Form           Tmut/Pois      #.........   52%         3    ###....


Dungeon Overview and Level Annotations

Branches:
Dungeon (4/15)
 Temple: D:4-7

Altars:
Makhleb
Nemelex Xobeh
Sif Muna
Xom


Innate Abilities, Weirdness & Mutations

You are too large for most types of armour.
((You have tough skin. (AC +1)))


Message History

Found 19 stones.
You are too injured to fight recklessly!
You are too injured to fight recklessly!
You are too injured to fight recklessly!
You hit the ogre.
The ogre is poisoned.
The ogre is lightly wounded.
The ogre closely misses you.
You hit the ogre.
The ogre is moderately wounded.
The ogre hits you with a giant club!
You hit the ogre.
The ogre is heavily wounded.
You hit the ogre.
The ogre looks as sick as possible!
The ogre is severely wounded.
The ogre hits you with a giant club!
* * * LOW HITPOINT WARNING * * *
You barely miss the ogre.
The ogre is almost dead.
The ogre hits you with a giant club!!
You die...

#.# #.#
#.[..# #.#
#..... #.#
...... #.#
# #... #.#
#.#.(. #.#
_.... #.#
.#.##.O##.#
#......s..#
#.....#####
#...# ###


You could see an ogre.

Vanquished Creatures
  Terence (D:2)
  5 adders
  An ooze (D:2)
  A dart slug (D:1)
  4 worms
  4 leopard geckos
  6 orcs
  2 giant cockroaches
  7 goblins
  5 hobgoblins
  6 jackals
  A quokka (D:2)
  5 bats
  7 frilled lizards
  8 kobolds
  5 rats
68 creatures vanquished.

Vanquished Creatures (collateral kills)
  An adder (D:2)
  2 leopard geckos (D:1)
  A goblin (D:3)
  A jackal (D:1)
  A bat (D:2)
  A kobold (D:1)
7 creatures vanquished.

Grand Total: 75 creatures vanquished

Notes
Turn   | Place    | Note
-------+----------+-------------------------------------------
     0 | D:1      | OgreWrestling the Ogre Transmuter began the quest for the Orb.
     0 | D:1      | Reached XP level 1. HP: 19/19 MP: 3/3
     0 | D:1      | Upgraded the game from 0.20-a0-700-gbd4582c to 0.20-a0-709-gd40821f
   242 | D:1      | Reached skill level 2 in Fighting
   314 | D:1      | Reached XP level 2. HP: 26/29 MP: 5/5
   318 | D:1      | Learned a level 2 spell: Sticks to Snakes
   435 | D:1      | Reached skill level 3 in Fighting
   673 | D:1      | Reached XP level 3. HP: 13/39 MP: 4/6
   875 | D:1      | Learned a level 3 spell: Spider Form
  1577 | D:2      | Reached skill level 1 in Poison Magic
  1894 | D:2      | Noticed Terence
  1907 | D:2      | Killed Terence
  1907 | D:2      | Reached XP level 4. HP: 31/48 MP: 4/7
  2243 | D:2      | Found a shimmering altar of Xom.
  2845 | D:3      | Reached XP level 5. HP: 43/54 MP: 4/8
  2851 | D:3      | Reached skill level 4 in Fighting
  3525 | D:3      | Found a faded altar of an unknown god.
  3840 | D:3      | Found a burning altar of Makhleb.
  3840 | D:3      | Found a deep blue altar of Sif Muna.
  3949 | D:4      | Found a sparkling altar of Nemelex Xobeh.
  3949 | D:4      | Noticed an ogre
  3956 | D:4      | Mangled by an ogre

Vault maps used:
D:1:      dpeg_arrival_arbitrary_c
D:2:      tgw_xom, minmay_pentomino_z2, uniq_terence
D:3:      amethyst_overflow_temple_binary, chequers_ecumenical_altar_simple
D:4:      lemuel_crystal_altar, first_bread, nicolae_ossuary_entry_ruins,
          uniq_natasha

Skill      XL: |  1  2  3  4  5 |
---------------+----------------+-----
Fighting       | 2 3 4 |  4.2
Transmutations | 2 |  2.0
Poison Magic   | 1 2 |  2.0
Unarmed Combat | 3 |  3.5
Dodging        | 2 |  2.1
Spellcasting   | |  2.5

Action                   |  1- 3 |  4- 6 || total
-------------------------+-------+-------++-------
Melee: Unarmed           |   155 |   150 ||   305
       Kick              |    10 |     4 ||    14
       Headbutt          |     2 |       ||     2
       Punch             |     2 |     1 ||     3
 Cast: Beastly Appendage |    17 |     2 ||    19
       Sticks to Snakes  |     7 |     3 ||    10
       Spider Form       |     6 |    18 ||    24
 Abil: End Transformatio |       |     1 ||     1
  Use: Scroll            |       |     3 ||     3
 Stab: Sleeping          |       |     1 ||     1
  Eat: Chunk             |     5 |    10 ||    15
Armor: Robe              |    46 |     8 ||    54
       Skin              |     1 |     7 ||     8
Dodge: Dodged            |   109 |    93 ||   202
